 Dungeon Crawl Stone Soup version 0.29.1-12-g30fa7ad0bf (webtiles) character file.

Game seed: 7301966028858742545

7886 moxian the Frost Mage (level 11, -5/76 HPs)
             Began as a Merfolk Ice Elementalist on Dec 13, 2022.
             Was a Follower of Vehumet.
             Slain by a tyrant leech (21 damage)
             ... on level 2 of the Lair of Beasts.
             The game lasted 01:18:29 (10041 turns).

moxian the Frost Mage (Merfolk Ice Elementalist)   Turns: 10041, Time: 01:18:29

Health: -5/76      AC: 15    Str: 10    XL:     11   Next: 22%
Magic:  21/24      EV: 14    Int: 23    God:    Vehumet [*.....]
Gold:   741        SH:  0    Dex: 15    Spells: 17/28 levels left

rFire   . . .      SeeInvis .   V - +11 war axe "Rumecabb" {vamp, Stlth+}
rCold   . . .      Faith    .   (no shield)
rNeg    . . .      Spirit   .   a - +0 robe
rPois   .          Reflect  .   v - +2 helmet
rElec   .          Harm     .   w - scarf {repulsion}
rCorr   .          Rampage  .   I - +0 pair of gloves
Will    +....                   (no boots)
Stlth   ++++......              q - amulet of regeneration
HPRegen 1.02/turn               y - +6 ring of intelligence
MPRegen 0.19/turn               X - ring of willpower

@: ice-armoured, invisible, repel missiles
A: (nimble swimmer 2), mertail
a: Renounce Religion


You were on level 2 of the Lair of Beasts.
You worshipped Vehumet.
Vehumet was aware of your devotion.
You visited 3 branches of the dungeon, and saw 11 of its levels.

You collected 891 gold pieces.
You spent 150 gold pieces at shops.

Inventory:

Hand Weapons
 H - a +2 war axe of venom
 S - a +2 dagger of draining
 V - the +11 war axe "Rumecabb" (weapon) {vamp, Stlth+}
   (You found it on level 7 of the Dungeon)

   It occasionally heals its wielder for a portion of the damage dealt when it
   wounds a living foe.
   Stlth:     It makes you more stealthy.
 Y - a +2 spear of venom
Missiles
 h - 66 stones
 m - 11 poisoned darts
 o - 13 boomerangs
 B - 7 atropa-tipped darts
 K - 8 javelins
 Z - 5 curare-tipped darts
Armour
 a - a +0 robe (worn)
 v - a +2 helmet (worn)
 w - a scarf of repulsion (worn)
 I - a +0 pair of gloves (worn)
Magical Staves
 c - a staff of fire
Jewellery
 i - a ring of positive energy
 j - a ring of resist corrosion
 q - an amulet of regeneration (around neck)
 y - a +6 ring of intelligence (left hand)
 Q - a ring of flight
 X - a ring of willpower (right hand)
Wands
 D - a wand of mindburst (15)
 N - a wand of flame (25)
 P - a wand of charming (5)
Scrolls
 f - 4 scrolls of amnesia
 l - a scroll of magic mapping {unknown}
 p - a scroll of torment {unknown}
 r - a scroll of summoning {unknown}
 s - 3 scrolls of blinking
 u - 3 scrolls of butterflies {unknown}
 x - 2 scrolls of poison {unknown}
 z - a scroll of vulnerability {unknown}
 A - a scroll of enchant weapon {unknown}
 C - 3 scrolls of teleportation {unknown}
 F - 3 scrolls of enchant armour {unknown}
 L - 2 scrolls of brand weapon {unknown}
 M - a scroll of fear {unknown}
 R - a scroll of identify
 U - a scroll of immolation {unknown}
Potions
 b - 2 potions of magic
 d - 2 potions of flight
 g - a potion of berserk rage
 k - 3 potions of lignification
 n - a potion of haste
 t - 3 potions of brilliance {unknown}
 G - 2 potions of attraction
 J - a potion of mutation {unknown}
 O - 2 potions of ambrosia
 T - a potion of cancellation {unknown}
 W - 3 potions of might


   Skills:
 + Level 3.6 Fighting
 * Level 4.5(4.7) Axes
 - Level 2.7(5.4) Polearms
 - Level 0.1(1.0) Staves
 + Level 0.1 Throwing
 + Level 5.6 Dodging
 + Level 4.5 Stealth
 * Level 9.2 Spellcasting
 * Level 5.3 Conjurations
 * Level 10.5 Ice Magic


You had 17 spell levels left.
You knew the following spells:

 Your Spells              Type           Power      Damage    Failure   Level
a - Freeze                Ice            100%       1d11      1%          1
b - Frozen Ramparts       Ice            100%       1d16      1%          3
c - Ozocubu's Armour      Ice            56%        N/A       1%          3
d - Hailstorm             Conj/Ice       47%        3d11      2%          4

Your spell library contained the following spells:

 Spells                   Type           Power      Damage    Failure   Level
 Foxfire                  Conj/Fire      88%        2x1d8     1%          1
 Ice Form                 Ice/Tmut       34%        N/A       7%          4
 Mephitic Cloud           Conj/Pois/Air  18%        N/A       9%          3
 Confusing Touch          Hex            10%        N/A       19%         3
 Ignite Poison            Fire/Tmut/Pois 10%        N/A       19%         3
 Inner Flame              Hex/Fire       10%        N/A       19%         3
 Freezing Cloud           Conj/Ice/Air   17%        6-21      19%         5
 Fulminant Prism          Conj/Hex       11%        3d9       21%         4
 Iskenderun's Mystic Bla  Conj/Tloc      22%        2d6       21%         4
 Cause Fear               Hex            5%         N/A       52%         4
 Simulacrum               Ice/Necr       17%        N/A       71%         6
 Lee's Rapid Deconstruct  Erth           5%         3d7*      86%         5
 Yara's Violent Unravell  Hex/Tmut       5%         3d4       86%         5
 Enfeeble                 Hex            5%         N/A       100%        7
 Discord                  Hex            5%         N/A       100%        8


Dungeon Overview and Level Annotations

Branches:
Dungeon (8/15)             Temple (1/1) D:5            Lair (2/5) D:8
  Swamp: Lair:2-3    Shoals: Lair:2-3     Snake: Lair:2-3    Spider: Lair:2-3

Altars:
Ashenzari
Cheibriados
Dithmenos
Elyvilon
Fedhas
Gozag
Hepliaklqana
Kikubaaqudgha
Makhleb
Nemelex Xobeh
Okawaru
Qazlal
Ru
Sif Muna
Trog
Uskayaw
Vehumet
Wu Jian
Xom
Yredelemnul
Zin

Shops:
D:4 ?

Annotations:
D:6 1 runed translucent door


Innate Abilities, Weirdness & Mutations

((You are very nimble when in or above water. (Stealth+, EV+, Speed+++)))
Your lower body shifts to a powerful aquatic tail in water.


Message History

The yak barely misses you.
You slash the yak!
The yak is heavily wounded.
You slash the yak!
The yak gores you but does no damage. x4
You slash the yak!
The yak is severely wounded.
You slash the yak! The yak closely misses you. x2
You slash the yak!
The yak is almost dead.
You hit the yak. The yak barely misses you. x2
You slash the yak!
You kill the yak!
Vehumet accepts your kill.
You feel your power returning.
You hit the yak. The yak gores you.
You slash the yak!
You kill the yak!
Vehumet accepts your kill.
You feel your power returning.
You climb downwards.
Your icy armour cracks and falls away as you move.
The yak closely misses you. The yak misses you. The yak gores you.
The yak barely misses you. The yak closely misses you.
The tyrant leech bites you!!
The tyrant leech draws strength from your injuries!
The yak barely misses you. The yak closely misses you.
A yak comes into view.
The yak gores you! The yak gores you but does no damage.
The yak closely misses you.
The yak bellows!
There is a stone staircase leading up, spattered with blood here.
You fade into invisibility!
You hear a croak.
You hear an angry hiss.
The tyrant leech barely misses you. The yak barely misses you.
The yak gores you!
* * * LOW HITPOINT WARNING * * *
The yak misses you.
Casting: Ozocubu's Armour (safe; 1% risk of failure)
Confirm with . or Enter, or press ? or * to list all spells.
A film of ice covers your body! The tyrant leech bites you!!
You die...

#. #.♣ ≈ #.##
#.♣ ~♣
....###.♣♣ w~♣
.[....?..♣♣.♣♣.
...............
...............
....
.Y....Y.w......
....
......Y@Y......
..l.
......Y.Y......
.[..
...............
..l.
...............
....
...............
....
...............
....
...............
...>
...............
#P..


You could see 2 tyrant leeches and 6 yaks.

Vanquished Creatures
  A hydra (Lair:1)
  Sonja (Lair:1)
  4 cane toads (Lair:1)
  A black mamba (Lair:1)
  3 komodo dragons (Lair:1)
  Prince Ribbit (D:7)
  A polar bear (Lair:1)
  7 yaks (Lair:1)
  2 basilisks (Lair:1)
  2 steam dragons
  A water moccasin (D:5)
  Duvessa (D:6)
  An orc warrior (D:7)
  An ice beast (D:8)
  2 sky beasts
  An ogre (D:4)
  4 wolves (Lair:1)
  A centaur (D:5)
  A kobold brigand (D:8)
  5 bullfrogs
  A necrophage (D:6)
  3 scorpions
  Dowan (D:6)
  3 howler monkeys (D:7)
  6 crimson imps (D:8)
  A jelly (D:7)
  2 orc priests
  5 hounds
  An iguana (D:5)
  An orc wizard (D:7)
  3 gnolls (D:6)
  6 adders
  2 shadow imps (D:5)
  4 white imps
  2 ufetubi
  4 dart slugs
  20 orcs
  6 endoplasms
  2 giant cockroaches
  7 goblins
  5 hobgoblins
  11 jackals
  A quokka (D:4)
  7 ball pythons
  2 bats (D:2)
  2 frilled lizards
  8 kobolds
  5 rats
162 creatures vanquished.

Vanquished Creatures (others)
  4 fungi
  3 plants (Lair:1)
7 creatures vanquished.

Grand Total: 169 creatures vanquished

Notes
Turn   | Place    | Note
-------+----------+-------------------------------------------
     0 | D:1      | moxian the Merfolk Ice Elementalist began the quest for the
                  | Orb.
     0 | D:1      | Reached XP level 1. HP: 13/13 MP: 3/3
    18 | D:1      | Found a faded altar of an unknown god.
   767 | D:1      | Reached XP level 2. HP: 14/19 MP: 1/5
  2291 | D:2      | Reached XP level 3. HP: 24/24 MP: 4/6
  2688 | D:3      | Learned a level 3 spell: Frozen Ramparts
  2745 | D:3      | Reached skill level 5 in Ice Magic
  3377 | D:4      | Noticed an ogre
  3383 | D:4      | Killed an ogre
  3384 | D:4      | Reached XP level 4. HP: 15/30 MP: 0/9
  3384 | D:4      | Reached XP level 5. HP: 18/35 MP: 0/10
  3466 | D:4      | Learned a level 3 spell: Ozocubu's Armour
  3787 | D:4      | Found Doux's Magic Scroll Boutique.
  3799 | D:4      | Bought a scroll of identify for 24 gold pieces
  3799 | D:4      | Bought a scroll of noise for 12 gold pieces
  3821 | D:4      | Bought a scroll of identify for 24 gold pieces
  3821 | D:4      | Bought a scroll of blinking for 90 gold pieces
  4078 | D:4      | Reached skill level 6 in Ice Magic
  4078 | D:4      | Reached XP level 6. HP: 42/42 MP: 5/12
  4207 | D:5      | Entered Level 5 of the Dungeon
  4212 | D:5      | Found a staircase to the Ecumenical Temple.
  4254 | D:5      | Reached skill level 1 in Polearms
  4388 | D:5      | Noticed a water moccasin
  4956 | D:5      | Reached XP level 7. HP: 47/47 MP: 9/14
  5041 | D:5      | Reached skill level 1 in Conjurations
  5112 | D:5      | Reached skill level 5 in Spellcasting
  5112 | D:5      | Reached skill level 7 in Ice Magic
  5300 | D:5      | Found a shimmering altar of Xom.
  5300 | D:5      | Found a sparkling altar of Nemelex Xobeh.
  5648 | D:6      | Reached skill level 1 in Fighting
  5648 | D:6      | Reached XP level 8. HP: 54/54 MP: 12/16
  5748 | D:6      | Noticed Dowan
  5756 | D:6      | Found a runed translucent door.
  5761 | D:6      | Found a basalt altar of Yredelemnul.
  5841 | D:6      | Killed Dowan
  5906 | D:6      | Noticed Duvessa
  5918 | D:6      | Killed Duvessa
  6360 | D:6      | Found a shimmering blue altar of Sif Muna.
  6449 | Temple   | Entered the Ecumenical Temple
  6607 | D:6      | Reached skill level 8 in Ice Magic
  6612 | D:6      | Learned a level 4 spell: Hailstorm
  6949 | D:7      | Found a radiant altar of Vehumet.
  6949 | D:7      | Noticed Prince Ribbit
  6969 | D:7      | Killed Prince Ribbit
  6988 | D:7      | Became a worshipper of Vehumet
  7093 | D:7      | Identified the +11 war axe "Rumecabb" {vamp, Stlth+}
  7177 | D:7      | Reached XP level 9. HP: 31/59 MP: 12/18
  7568 | D:7      | Found a burning altar of Makhleb.
  7718 | D:8      | Reached skill level 1 in Axes
  7798 | D:8      | Reached * piety under Vehumet
  7798 | D:8      | Offered knowledge of Foxfire by Vehumet.
  7999 | D:8      | Found a staircase to the Lair.
  8095 | D:8      | Reached skill level 9 in Ice Magic
  8343 | Lair:1   | Entered Level 1 of the Lair of Beasts
  8343 | Lair:1   | Noticed an eight-headed hydra
  8574 | Lair:1   | Noticed a black mamba
  8576 | Lair:1   | Noticed a komodo dragon
  8578 | Lair:1   | Killed an eight-headed hydra
  8584 | Lair:1   | HP: 2/93 [komodo dragon (21)]
  8586 | Lair:1   | Killed a komodo dragon
  8587 | Lair:1   | Reached XP level 10. HP: 5/68 MP: 3/21
  8594 | Lair:1   | Killed a black mamba
  8715 | Lair:1   | Noticed a cane toad
  8736 | Lair:1   | Killed a cane toad
  8824 | Lair:1   | Noticed Sonja
  8873 | Lair:1   | Killed Sonja
  8874 | Lair:1   | Reached skill level 5 in Dodging
  9073 | Lair:1   | Noticed a cane toad
  9208 | Lair:1   | Reached skill level 10 in Ice Magic
  9335 | Lair:1   | Noticed a cane toad
  9342 | Lair:1   | Killed a cane toad
  9351 | Lair:1   | Reached XP level 11. HP: 75/75 MP: 17/24
  9353 | Lair:1   | Reached skill level 5 in Conjurations
 10041 | Lair:2   | Slain by a tyrant leech

Illustrated notes

Levels and vault maps discovered:
D:1:      psy_arrival_statuary, layout_basic, ebering_ecumenical_altar_abandoned
D:2:      layout_basic
D:3:      layout_rooms
D:4:      minmay_opposing_rooms, layout_basic, serial_shops, shop_scrolls
D:5:      layout_basic, gammafunk_temple_overflow_elements,
          minmay_temple_entry_proselytizer
D:6:      layout_cave_pods, lemuel_blue_sif_altar, dk_yredelemnul_ordeal,
          grunt_ministairs_5, dreamdust_wishing_well, uniq_duvessa
D:7:      layout_loops_cross, fiery_altar_vehumet, lightli_temple_of_fire,
          roderic_roman_lattice, uniq_prince_ribbit1
D:8:      layout_basic, lair_entry_dummy, minmay_nine_imps
Temple:   regret_index_temple_waves
Lair:1:   layout_gridlike, chequers_serial_rivers_room_b, grunt_megastairs_4,
          uniq_sonja
Lair:2:   layout_small_grid, minmay_swamp_entry_worms,
          hellmonk_spider_entry_not_the_bees, minmay_holes, forest_entry_grove

Skill      XL: |  1  2  3  4  5  6  7  8  9 10 11 |
---------------+----------------------------------+-----
Ice Magic      | 5 6 7 8 9 10 | 10.5
Spellcasting   | 3 4 5 6 7 9 |  9.2
Dodging        | 3 4 5 |  5.6
Polearms       | 1 2 |  2.7
Conjurations   | 1 2 3 4 5 |  5.3
Fighting       | 1 2 3 |  3.6
Stealth        | 3 4 |  4.5
Axes           | 3 4 |  4.5
Staves         | |  0.1
Throwing       | |  0.1

Action                   |  1- 3 |  4- 6 |  7- 9 | 10-12 || total
-------------------------+-------+-------+-------+-------++-------
Melee: Staff             |    52 |       |       |       ||    52
       Trident           |     1 |    61 |    48 |       ||   110
       Punch             |       |     2 |     1 |       ||     3
       War axe           |       |       |    50 |    80 ||   130
       Spear             |       |       |     7 |       ||     7
Throw: Stone             |       |       |     3 |     2 ||     5
 Cast: Freeze            |    50 |    41 |    54 |     3 ||   148
       Frozen Ramparts   |     3 |     4 |    14 |    10 ||    31
       Ozocubu's Armour  |       |     2 |     6 |    16 ||    24
       Hailstorm         |       |       |     2 |     3 ||     5
  Use: Scroll            |       |     4 |     6 |     1 ||    11
       Potion            |       |     2 |     2 |     1 ||     5
 Stab: Sleeping          |     4 |     3 |     7 |     2 ||    16
       Distracted        |       |     1 |     1 |       ||     2
Armor: Robe              |    14 |    28 |    40 |    40 ||   122
       Skin              |       |       |     1 |       ||     1
Dodge: Dodged            |    62 |    85 |    67 |    89 ||   303
       Repelled          |       |     2 |     3 |       ||     5
